 Dungeon Crawl Stone Soup version 0.23.2-1-ga50397a6bc (webtiles) character file.

Game seed: 6187878792423281461

240 Nattfarinn the Jinx (level 5, 0/35 HPs)
             Began as a Vampire Enchanter on May 31, 2019.
             Killed from afar by Natasha (8 damage)
             ... with a magic dart
             ... on level 3 of the Dungeon.
             The game lasted 00:12:37 (6869 turns).

Nattfarinn the Jinx (Vampire Enchanter)             Turns: 6869, Time: 00:12:37

Health: 0/35       AC:  4    Str:  7    XL:     5   Next: 80%
Magic:  8/8        EV: 13    Int: 18    God:
Gold:   229        SH:  0    Dex: 15    Spells: 2/8 levels left

rFire    + . .     SeeInvis +   a - +1 dagger
rCold    + + .     Gourm    .   (no shield)
rNeg     + + +     Faith    .   b - +0 robe
rPois    ∞         Spirit   .   o - +2 hat
rElec    .         Reflect  .   (no cloak)
rCorr    .         Harm     .   (no gloves)
MR       .....                  (no boots)
Stlth    +++++.....             (no amulet)
HPRegen  0.00/turn              f - ring of protection from fire
MPRegen  0.11/turn              (no ring)

@: bloodless, non-regenerating
A: fangs 3, see invisible, unbreathing
a: Bat Form


You were on level 3 of the Dungeon.
You were bloodless.

You visited 1 branch of the dungeon, and saw 3 of its levels.

You collected 229 gold pieces.

Inventory:

Hand Weapons
 a - a +1 dagger (weapon)
Missiles
 w - 8 javelins of returning (quivered)
Armour
 b - a +0 robe (worn)
 o - a +2 hat (worn)
Jewellery
 c - an uncursed amulet of the gourmand {unknown}
 f - a ring of protection from fire (left hand)
Wands
 v - a wand of iceblast (9)
Scrolls
 g - 3 scrolls of remove curse {unknown}
 j - 2 scrolls of teleportation {unknown}
 k - a scroll of amnesia {unknown}
 l - 2 scrolls of blinking {unknown}
 m - 2 scrolls of fear {unknown}
 r - a scroll of identify {unknown}
Potions
 d - 3 potions of heal wounds
 e - a potion of haste {unknown}
 h - 2 potions of mutation {unknown}
 i - a potion of curing {unknown}
 n - 2 potions of degeneration {unknown}
 p - a potion of might {unknown}
 q - 9 potions of blood
 s - a potion of berserk rage {unknown}
 t - a potion of magic {unknown}
 u - 2 potions of ambrosia {unknown}


   Skills:
 - Level 1.1 Short Blades
 - Level 2.1 Dodging
 + Level 6.8 Stealth
 - Level 2.0 Spellcasting
 * Level 8.2 Hexes


You had 2 spell levels left.
You knew the following spells:

 Your Spells              Type           Power        Failure   Level  Hunger
a - Corona                Hex            ####...      1%          1    #......
b - Ensorcelled Hibernat  Hex/Ice        ###...       4%          2    ###....
c - Tukima's Dance        Hex            ####....     1%          3    ###....

Your spell library contained the following spells:

 Spells                   Type           Power        Failure   Level  Hunger
 Confuse                  Hex            ####....     1%          3    ###....
 Dazzling Spray           Conj/Hex       ###...       10%         3    ###....


Dungeon Overview and Level Annotations

Branches:
Dungeon (3/15)

Altars:

Annotations:
D:3 Natasha


Innate Abilities, Weirdness & Mutations

You do not heal naturally.
You are immune to poison.
You have razor-sharp teeth.
You have supernaturally acute eyesight. (SInv)
You can survive without breathing.


Message History

The magic dart hits you.
The crimson imp blinks!
Natasha casts a spell at you. The magic dart hits you.
You see here 11 stones.
Natasha casts a spell.
Natasha stares at you and mumbles some strange words.
The magic dart hits you!
The crimson imp blinks!
Natasha stares at you and mumbles some strange words.
The magic dart hits you. Natasha casts a spell at you. The magic dart hits you.
* * * LOW HITPOINT WARNING * * *
Natasha howls an incantation.
Natasha's front paws start to glow.
There is a stone staircase leading up here.
Natasha stares at you and mumbles some strange words.
The magic dart hits you!
You die...

.##.####.###.# #..........#.....#
...........#.# #......###.##.##.#
.##.####.#.#.# #......# #.##.##.#
.##..# #.#.#.# #..h#..###(##.##.#
.##..###.#.#.# #........#....##..
.##......#.#.###......#.#....#...
.##.........................##...
.......%.#.#..##.#.#.............
.####..)...#....@......##..###...
......###..#.....#.#...##..# ####
#.....#.#........#.#...##..# #
#.#.###.###.###.....##.##..# #
#...#..)..#.........##.##..# #
#.###.###.###..............# #
.....)# #...#.....##.......#
#.###.###.###.######.......#
#...#.....#...# #.......#


You could see Natasha.

Vanquished Creatures
  Ijyb (D:3)
  Natasha (twice) (D:3)
  Terence (D:2)
  Robin (D:2)
  3 adders
  2 worms
  2 dart slugs (D:1)
  3 leopard geckos
  An orc (D:3)
  12 bats
  3 giant cockroaches
  18 goblins
  10 hobgoblins
  3 jackals (D:2)
  2 quokkas (D:3)
  A ball python (D:2)
  6 frilled lizards
  15 kobolds
  5 rats
91 creatures vanquished.

Vanquished Creatures (collateral kills)
  A goblin (D:2)
1 creature vanquished.

Grand Total: 92 creatures vanquished

Notes
Turn   | Place    | Note
-------+----------+-------------------------------------------
     0 | D:1      | Nattfarinn the Vampire Enchanter began the quest for the
                  | Orb.
     0 | D:1      | Reached XP level 1. HP: 13/13 MP: 3/3
   240 | D:1      | Reached skill level 5 in Hexes
   328 | D:1      | Reached XP level 2. HP: 10/19 MP: 3/5
   332 | D:1      | Learned a level 2 spell: Ensorcelled Hibernation
   887 | D:1      | Reached skill level 5 in Stealth
  1113 | D:1      | Reached XP level 3. HP: 23/24 MP: 6/6
  2032 | D:2      | Reached skill level 6 in Hexes
  2773 | D:2      | Noticed Terence
  2787 | D:2      | Learned a level 3 spell: Tukima's Dance
  2947 | D:2      | Killed Terence
  2947 | D:2      | Reached XP level 4. HP: 17/30 MP: 2/7
  3195 | D:2      | Noticed Robin
  3200 | D:2      | Killed Robin
  3641 | D:2      | Reached skill level 7 in Hexes
  4343 | D:3      | Noticed Natasha
  4350 | D:3      | Killed Natasha
  4350 | D:3      | Reached XP level 5. HP: 35/35 MP: 6/8
  4933 | D:3      | Noticed Ijyb
  4938 | D:3      | Killed Ijyb
  5061 | D:3      | Noticed Natasha
  6155 | D:3      | Killed Natasha
  6155 | D:3      | Reached skill level 8 in Hexes
  6833 | D:3      | Noticed Natasha
  6869 | D:3      | Killed from afar by Natasha

Skill      XL: |  1  2  3  4  5 |
---------------+----------------+-----
Hexes          | 5 6 7 8 |  8.2
Stealth        | 5 6 |  6.8
Short Blades   | |  1.1
Dodging        | |  2.1
Spellcasting   | |  2.0

Action                   |  1- 3 |  4- 6 || total
-------------------------+-------+-------++-------
Melee: Dagger            |    83 |   104 ||   187
       Bite              |     3 |     7 ||    10
 Cast: Corona            |     2 |       ||     2
       Ensorcelled Hiber |    15 |    34 ||    49
       Tukima's Dance    |     1 |     1 ||     2
 Abil: End Transformatio |       |     1 ||     1
       Bat Form          |       |     1 ||     1
  Use: Potion            |     5 |     4 ||     9
 Stab: Sleeping          |    24 |    41 ||    65
       Distracted        |       |     1 ||     1
Armor: Robe              |     9 |    18 ||    27
Dodge: Dodged            |    46 |    52 ||    98
